 Dungeon Sprint DCSS version 0.26-a0-663-g36e8fdb655 (webtiles) character file.

Game seed: 14740726118985536734

13375 sahdkjhfkaj the Deadly Accurate (level 11, -6/111 HPs)
             Began as a Minotaur Hunter on Oct 11, 2020.
             Was the Champion of Okawaru.
             Mangled by an ettin
             ... wielding a +0 dire flail
              (10 damage)
             ... in the Dungeon (Sprint IX: "|||||||||||||||||||||||||||||").
             The game lasted 00:05:32 (2869 turns).

sahdkjhfkaj the Deadly Accurate (Minotaur Hunter)   Turns: 2869, Time: 00:05:32

Health: -6/111     AC: 19    Str: 25    XL:     11   Next: 74%
Magic:  10/10      EV: 14    Int: 11    God:    Okawaru [******]
Gold:   505        SH:  0    Dex: 12    Spells: 10/10 levels left

rFire    + . .     SeeInvis .   o - +2 scimitar of Tomp {speed, rPois rF+ Int+3}
rCold    . . .     Faith    .   (no shield)
rNeg     . . .     Spirit   .   q - +0 plate armour
rPois    +         Reflect  .   (helmet restricted)
rElec    .         Harm     .   p - +0 cloak
rCorr    .         Rampage  .   a - +0 pair of gloves
MR       .....     NoTele   +   (no boots)
Stlth    ..........             (no amulet)
HPRegen  0.28/turn              r - +3 ring of strength
MPRegen  0.12/turn              b - +3 ring of strength

@: no status effects
A: retaliatory headbutt, horns 2
a: Heroism, Finesse, Renounce Religion


You were in the Dungeon.
You worshipped Okawaru.
Okawaru was exalted by your worship.
You visited 1 branch You collected 505 gold pieces.

Inventory:

Hand Weapons
 o - the +2 scimitar of Tomp (weapon) {speed, rPois rF+ Int+3}
   (You found it in the Dungeon)

   Attacks with this weapon are significantly faster.
   It affects your intelligence (+3).
   It protects you from fire.
   It protects you from poison.
Missiles
 c - 6 silver javelins (quivered)
 d - 2 throwing nets
 s - 8 javelins
Armour
 a - a +0 pair of gloves (worn)
 p - a +0 cloak (worn)
 q - a +0 plate armour (worn)
Jewellery
 b - a +3 ring of strength (right hand)
 r - a +3 ring of strength (left hand)
Wands
 n - a wand of iceblast (10)
Scrolls
 j - 4 scrolls of blinking
 l - 3 scrolls of remove curse
 m - 2 scrolls of amnesia
 u - 2 scrolls of enchant weapon
 v - 2 scrolls of fear
 w - a scroll of fog
Potions
 e - 6 potions of curing
 f - 5 potions of heal wounds
 g - a potion of haste
 h - 4 potions of magic
 i - a potion of berserk rage
 k - a potion of invisibility
 t - 3 potions of mutation
 x - a potion of stabbing {unknown}


   Skills:
 + Level 14.5 Fighting
 - Level 14.0 Long Blades
 * Level 16.8 Throwing
 + Level 14.2 Armour
 + Level 13.4 Dodging
 - Level 0.7 Stealth


You had 10 spell levels left.
You didn't know any spells.
Your spell library was empty.

Dungeon Overview and Level Annotations

Branches:
Dungeon (1/1)

Altars:
Cheibriados
Dithmenos
Elyvilon
Fedhas
Gozag
Hepliaklqana
Kikubaaqudgha
Makhleb
Nemelex Xobeh
Okawaru
Qazlal
Ru
Sif Muna
Trog
Uskayaw
Vehumet
Wu Jian
Xom
Yredelemnul
Zin
The Shining One
Beogh
Jiyva
Lugonu


Innate Abilities, Weirdness & Mutations

You reflexively headbutt those who attack you in melee.
You have a pair of horns on your head.


Message History

a +0 short sword; a +0 plate armour; 100 gold pieces
Items here: $ ) [ †.
There is an open door here.
Throwing (i - inventory. (/) - cycle)
c - 8 silver javelins (quivered)
Press: ? - help, Shift-Dir - straight line, f - ettin
Aim: an ettin, wielding two +0 dire flails (severely wounded)
You throw a silver javelin.
The silver javelin pierces through the ettin but does no damage.
The ettin is severely wounded.
The ettin hits you but does no damage.
The ettin hits you with a +0 dire flail!!
* * * LOW HITPOINT WARNING * * *
Unknown command.
Throwing (i - inventory. (/) - cycle)
c - 7 silver javelins (quivered)
Press: ? - help, Shift-Dir - straight line, f/p - ettin
Aim: an ettin, wielding two +0 dire flails (severely wounded)
You throw a silver javelin.
The silver javelin barely misses the ettin.
The ettin hits you with a +0 dire flail!
You die...

▓)▓.▓.▓.▓_▓
▓)▓.▓.▓.▓_▓
▓)▓.▓.▓.▓_▓
▓[▓.▓'▓.▓_▓
▓)▓.▓.▓.▓_▓
▓.▓)▓.▓.▓_▓
▓.▓.▓.▓.▓_▓
▓.▓)▓.▓.▓_▓
▓@▓.▓.▓.▓_▓
▓C▓.▓.▓.▓_▓
▓)▓.▓.▓.▓_▓
▓)▓)▓.▓.▓_▓
▓$▓.▓[▓.▓_▓
▓$▓.▓'▓.▓_▓
▓$▓.▓.▓.▓_▓
▓(▓.▓.▓.▓_▓
▓.▓.▓.▓.▓_▓


You could see an ettin.

Vanquished Creatures
  A hydra (D)
  Josephine (D)
  A boulder beetle (D)
  2 catoblepae (D)
  3 death yaks (D)
  A two-headed ogre (D)
  An orc high priest (D)
  2 orc knights (D)
  A gargoyle (D)
  3 cane toads (D)
  3 komodo dragons (D)
  3 trolls (D)
  A polar bear (D)
  5 yaks (D)
  A steam dragon (D)
  5 wraiths (D)
  3 water moccasins (D)
  9 orc warriors (D)
  A sky beast (D)
  A wolf (D)
  2 bullfrogs (D)
  A scorpion (D)
  A wight (D)
  A jelly (D)
  5 orc priests (D)
  2 orc wizards (D)
  A hell rat (D)
  A worker ant (D)
  A white imp (D)
  An adder skeleton (D)
  6 orcs (D)
  3 bat zombies (D)
  3 goblins (D)
  A frilled lizard (D)
  A kobold (D)
78 creatures vanquished.

Notes
Turn   | Place    | Note
-------+----------+-------------------------------------------
     0 | D        | sahdkjhfkaj the Minotaur Hunter began the quest for the
                  | Orb.
     0 | D        | Reached XP level 1. HP: 18/18 MP: 0/0
     4 | D        | Reached skill level 1 in Armour
    57 | D        | Noticed a scorpion
    61 | D        | Reached XP level 2. HP: 22/26 MP: 1/1
    63 | D        | Reached skill level 5 in Throwing
    68 | D        | Killed a scorpion
    68 | D        | Reached skill level 6 in Throwing
    68 | D        | Reached XP level 3. HP: 17/34 MP: 2/2
    68 | D        | Reached XP level 4. HP: 21/41 MP: 3/3
   322 | D        | Found a roughly hewn altar of Beogh.
   322 | D        | Found a snail-covered altar of Cheibriados.
   322 | D        | Found a shadowy altar of Dithmenos.
   322 | D        | Found a white marble altar of Elyvilon.
   322 | D        | Found a blossoming altar of Fedhas.
   322 | D        | Found an opulent altar of Gozag.
   323 | D        | Found a hazy altar of Hepliaklqana.
   324 | D        | Found a viscous altar of Jiyva.
   325 | D        | Found an ancient bone altar of Kikubaaqudgha.
   326 | D        | Found a corrupted altar of Lugonu.
   327 | D        | Found a burning altar of Makhleb.
   328 | D        | Found a sparkling altar of Nemelex Xobeh.
   329 | D        | Found an iron altar of Okawaru.
   330 | D        | Found a stormy altar of Qazlal.
   331 | D        | Found a sacrificial altar of Ru.
   332 | D        | Found a shimmering blue altar of Sif Muna.
   333 | D        | Found a bloodstained altar of Trog.
   334 | D        | Found a hide-covered altar of Uskayaw.
   335 | D        | Found a radiant altar of Vehumet.
   336 | D        | Found an ornate altar of the Wu Jian Council.
   337 | D        | Found a shimmering altar of Xom.
   338 | D        | Found a basalt altar of Yredelemnul.
   339 | D        | Found a glowing silver altar of Zin.
   340 | D        | Found a glowing golden altar of the Shining One.
   347 | D        | Became a worshipper of Warmaster Okawaru
   369 | D        | Got the +2 scimitar of Tomp {speed, rPois rF+ Int+3}
   403 | D        | Noticed a sky beast
   403 | D        | Noticed a troll
   403 | D        | Noticed a two-headed ogre
   405 | D        | Reached skill level 5 in Fighting
   408 | D        | Killed a troll
   408 | D        | Reached * piety under Okawaru
   408 | D        | Reached skill level 9 in Throwing
   408 | D        | Reached XP level 5. HP: 42/52 MP: 4/4
   408 | D        | Reached XP level 6. HP: 49/60 MP: 5/5
   409 | D        | Killed a sky beast
   414 | D        | Killed a two-headed ogre
   414 | D        | Reached ** piety under Okawaru
   414 | D        | Reached *** piety under Okawaru
   414 | D        | Reached skill level 11 in Throwing
   414 | D        | Reached XP level 7. HP: 50/71 MP: 6/6
   521 | D        | Noticed a troll
   521 | D        | Noticed a troll
   521 | D        | Noticed a gargoyle
   521 | D        | Noticed a boulder beetle
   525 | D        | Reached XP level 8. HP: 79/79 MP: 7/7
   528 | D        | Killed a troll
   528 | D        | Received a gift from Okawaru
   528 | D        | Killed a troll
   528 | D        | Reached skill level 10 in Fighting
   528 | D        | Reached skill level 12 in Throwing
   529 | D        | Killed a gargoyle
   529 | D        | Reached **** piety under Okawaru
   529 | D        | Received a gift from Okawaru
   529 | D        | Reached skill level 5 in Long Blades
   529 | D        | Reached skill level 10 in Armour
   804 | D        | Killed a boulder beetle
   804 | D        | Received a gift from Okawaru
   804 | D        | Reached skill level 13 in Throwing
   804 | D        | Reached skill level 10 in Dodging
   804 | D        | Reached XP level 9. HP: 40/89 MP: 8/8
  1150 | D        | Noticed a komodo dragon
  1150 | D        | Noticed a komodo dragon
  1150 | D        | Noticed a cane toad
  1150 | D        | Noticed a cane toad
  1153 | D        | Killed a cane toad
  1153 | D        | Received a gift from Okawaru
  1155 | D        | Killed a komodo dragon
  1155 | D        | Killed a cane toad
  1155 | D        | Noticed a komodo dragon
  1164 | D        | Killed a komodo dragon
  1164 | D        | Reached ***** piety under Okawaru
  1164 | D        | Received a gift from Okawaru
  1168 | D        | Killed a komodo dragon
  1168 | D        | Reached skill level 10 in Long Blades
  1168 | D        | Reached skill level 14 in Throwing
  1168 | D        | Reached XP level 10. HP: 44/97 MP: 9/9
  1383 | D        | Noticed a cane toad
  1385 | D        | Received a gift from Okawaru
  1386 | D        | Killed a cane toad
  1387 | D        | Noticed a four-headed hydra
  1393 | D        | Killed a four-headed hydra
  1507 | D        | Noticed a death yak
  1507 | D        | Noticed a catoblepas
  1507 | D        | Noticed a death yak
  1507 | D        | Noticed a death yak
  1538 | D        | Killed a death yak
  1538 | D        | Reached skill level 15 in Throwing
  1538 | D        | Killed a death yak
  1555 | D        | Killed a death yak
  1555 | D        | Reached XP level 11. HP: 105/107 MP: 10/10
  1570 | D        | Killed a catoblepas
  1677 | D        | Noticed a catoblepas
  1709 | D        | Killed a catoblepas
  2007 | D        | Noticed Josephine
  2027 | D        | Killed Josephine
  2027 | D        | Reached skill level 16 in Throwing
  2229 | D        | Noticed an orc high priest
  2229 | D        | Noticed an orc knight
  2404 | D        | Noticed a sun demon
  2406 | D        | Killed an orc high priest
  2406 | D        | Reached ****** piety under Okawaru
  2727 | D        | Killed an orc knight
  2727 | D        | Received a gift from Okawaru
  2791 | D        | Received a gift from Okawaru
  2805 | D        | Noticed an orc knight
  2821 | D        | Killed an orc knight
  2855 | D        | Noticed an ettin
  2868 | D        | HP: 4/111 [ettin/+0 dire flail (29)]
  2869 | D        | Mangled by an ettin

Illustrated notes

Levels and vault maps discovered:
D:        linesprint [early_d, line_temple, items_1, d_10, items_2, lair_1,
          lair_end, items_3, orc_1, orc_end, items_4, d_15, swamp_1, shoals_1,
          snake_1, spider_1, d_20, vaults_1, items_5, swamp_end, shoals_end,
          snake_end, spider_end, vaults_end, d_27, items_6, zot_1, zot_end,
          crypt_end, forest_end, elf_end, slime_end, tomb_end, abyss_end,
          pan_hell_end]

Skill      XL: |  1  2  3  4  5  6  7  8  9 10 11 |
---------------+----------------------------------+-----
Armour         | 1 3 6 9 10 11 13 14 | 14.2
Fighting       | 3 4 7 9 11 13 14 | 14.5
Dodging        | 4 6 8 10 11 12 13 | 13.4
Throwing       | 6 9 11 13 14 15 16 | 16.8
Long Blades    | 7 10 13 14 | 14.0
Stealth        | |  0.7

Action                   |  1- 3 |  4- 6 |  7- 9 | 10-12 || total
-------------------------+-------+-------+-------+-------++-------
Melee: Short sword       |     5 |       |       |       ||     5
       Scimitar          |       |     4 |    33 |   145 ||   182
       Headbutt          |       |     2 |    13 |    44 ||    59
Throw: Javelin           |     8 |     6 |    15 |    36 ||    65
       Throwing net      |     1 |     1 |     1 |       ||     3
       Dart              |       |       |     1 |     7 ||     8
 Stab: Held in net/web   |       |       |     1 |       ||     1
       Invisible         |       |       |     1 |       ||     1
       Petrified         |       |       |       |     1 ||     1
Armor: Plate armour      |       |     5 |    13 |    49 ||    67
Dodge: Dodged            |     7 |     2 |    14 |    30 ||    53
       Rpst.: Scimitar   |       |       |     4 |     3 ||     7

Table legend: (Time is in decaauts)
 A = Elapsed time spent in this place.
 B = Non-inter-level travel time spent in this place.
 C = Inter-level travel time spent in this place.
 D = Time resting spent in this place.
 E = Time spent auto-exploring this place.
 F = Levels seen in this place.
 G = Mean time per level.
                   A        B        C        D        E       F      G
               +--------+--------+--------+--------+--------+-----+--------+
         Total |   2781 |   2781 |      0 |   1705 |    287 |   1 | 2781.0 |
       Dungeon |   2781 |   2781 |      0 |   1705 |    287 |   1 | 2781.0 |
               +--------+--------+--------+--------+--------+-----+--------+

Top non-repeatable levels by time:
       D: 2781 daAuts
